[ AOE2 MATCH · #505221279 ]
UnrankedSaracens vs Italians
Player's team · WIN
Rival team · LOSS
[ REPLAY ANALYSIS · EXTRACTED FROM THE RECORDED GAME ]
Feudal
9:18
Castle
20:57
Imperial
41:51
| APM avg | 87.0 |
| APM peak | 140 |
| eAPM avg | 37.4 |
| Villagers / military | 184 / 110 |
Focus
⚔️ 30.1% · 🌾 69.9%
Archer ×54 · Knight ×27 · Scout Cavalry ×14 · Militia ×4 · Mangonel ×4 · Scorpion ×3
Feudal
10:34
Castle
20:44
Imperial
—
| APM avg | 62.2 |
| APM peak | 107 |
| eAPM avg | 30.8 |
| Villagers / military | 147 / 106 |
Focus
⚔️ 42.8% · 🌾 57.2%
Archer ×55 · Skirmisher ×24 · Knight ×13 · Mangonel ×6 · Monk ×4 · Militia ×3
Match map
Initial resources + every placement click. Lines = walls · curves = elevation contours. ◆ gold · ⬟ stone · ● berries · ✦ relic · ◌ wall gap
Your base· Open — 5t gap
flightlessbird's base· Open — unwalled flank
Smoothed initial terrain · ◌ = detected wall gap · hover for details
Inputs per minute
— jsemosoom - - flightlessbird
Build order — jsemosoom
First 150 of 540 actions detected
| 0:00 | Create | Villager (Male) |
| 0:01 | Create | Villager (Male) |
| 0:01 | Create | Villager (Male) |
| 0:02 | Build | House |
| 0:03 | Build | House |
| 0:17 | Create | Villager (Male) |
| 0:17 | Create | Villager (Male) |
| 1:32 | Create | Villager (Male) |
| 1:32 | Create | Villager (Male) |
| 1:59 | Create | Villager (Male) |
| 2:00 | Create | Villager (Male) |
| 2:02 | Build | Lumber Camp |
| 2:18 | Create | Villager (Male) |
| 2:49 | Create | Villager (Male) |
| 2:50 | Create | Villager (Male) |
| 3:10 | Create | Villager (Male) |
| 3:11 | Create | Villager (Male) |
| 3:29 | Create | Villager (Male) |
| 3:49 | Build | House |
| 3:59 | Create | Villager (Male) |
| 3:59 | Create | Villager (Male) |
| 4:00 | Create | Villager (Male) |
| 4:20 | Build | House |
| 4:56 | Create | Villager (Male) |
| 4:56 | Create | Villager (Male) |
| 4:56 | Create | Villager (Male) |
| 5:27 | Build | Barracks |
| 6:14 | Create | Villager (Male) |
| 6:41 | Build | Mill |
| 6:43 | Research | Loom |
| 6:43 | Research | Loom |
| 6:44 | Build | Palisade Wall |
| 6:46 | Build | Palisade Wall |
| 6:48 | Build | Palisade Wall |
| 7:04 | Research | Feudal Age |
| 7:04 | Research | Feudal Age |
| 7:19 | Create | Militia |
| 7:20 | Create | Militia |
| 8:09 | Create | Militia |
| 8:09 | Create | Militia |
| 8:11 | Create | Villager (Male) |
| 8:14 | Build | Mining Camp |
| 9:00 | Build | Palisade Wall |
| 9:04 | Build | Palisade Wall |
| 9:15 | Build | House |
| 9:18 | Age | Feudal Age |
| 9:24 | Research | Man-at-Arms (upgrade) |
| 9:24 | Research | Man-at-Arms (upgrade) |
| 9:24 | Research | Man-at-Arms (upgrade) |
| 9:27 | Create | Villager (Male) |
| 9:29 | Build | Archery Range |
| 9:47 | Create | Villager (Male) |
| 9:53 | Create | Villager (Male) |
| 10:12 | Create | Villager (Male) |
| 10:17 | Research | Double-Bit Axe |
| 10:17 | Research | Double-Bit Axe |
| 10:23 | Create | Archer |
| 10:29 | Build | Palisade Wall |
| 10:35 | Create | Villager (Male) |
| 10:36 | Create | Villager (Male) |
| 10:51 | Build | Palisade Wall |
| 10:53 | Build | Palisade Wall |
| 10:54 | Build | Palisade Wall |
| 11:01 | Build | Palisade Wall |
| 11:02 | Build | Palisade Wall |
| 11:10 | Create | Villager (Male) |
| 11:10 | Create | Villager (Male) |
| 11:12 | Create | Archer |
| 11:13 | Build | Farm |
| 11:14 | Build | Farm |
| 11:16 | Build | House |
| 11:23 | Build | Farm |
| 11:34 | Build | Farm |
| 11:41 | Create | Villager (Male) |
| 11:41 | Create | Villager (Male) |
| 11:49 | Build | House |
| 11:50 | Build | Palisade Wall |
| 11:52 | Create | Archer |
| 11:52 | Create | Archer |
| 12:02 | Build | Farm |
| 12:15 | Create | Villager (Male) |
| 12:29 | Build | House |
| 12:35 | Build | Market |
| 12:39 | Build | Market |
| 12:44 | Build | House |
| 12:46 | Create | Archer |
| 12:48 | Create | Villager (Male) |
| 12:55 | Create | Villager (Male) |
| 12:57 | Build | Farm |
| 13:03 | Build | Palisade Wall |
| 13:17 | Build | Palisade Wall |
| 13:18 | Build | Palisade Wall |
| 13:20 | Build | Palisade Wall |
| 13:21 | Create | Villager (Male) |
| 13:23 | Create | Archer |
| 13:47 | Build | Blacksmith |
| 13:48 | Build | House |
| 13:50 | Build | Palisade Wall |
| 13:52 | Build | House |
| 13:53 | Create | Villager (Male) |
| 13:55 | Create | Archer |
| 14:00 | Build | Farm |
| 14:05 | Build | Palisade Wall |
| 14:14 | Create | Archer |
| 14:15 | Create | Villager (Male) |
| 14:19 | Build | Farm |
| 14:33 | Research | Fletching |
| 14:33 | Research | Fletching |
| 14:35 | Build | Farm |
| 14:36 | Create | Villager (Male) |
| 14:48 | Build | Palisade Gate |
| 14:56 | Build | Farm |
| 15:00 | Create | Archer |
| 15:04 | Research | Scale Mail Armor |
| 15:04 | Research | Scale Mail Armor |
| 15:19 | Create | Archer |
| 15:22 | Create | Villager (Male) |
| 15:22 | Create | Villager (Male) |
| 15:23 | Build | Farm |
| 15:24 | Build | Farm |
| 15:29 | Build | Palisade Wall |
| 15:42 | Create | Villager (Male) |
| 15:42 | Create | Villager (Male) |
| 15:43 | Create | Villager (Male) |
| 15:44 | Create | Villager (Male) |
| 15:45 | Build | Farm |
| 15:46 | Create | Archer |
| 15:52 | Create | Archer |
| 15:52 | Create | Archer |
| 16:07 | Build | Farm |
| 16:17 | Create | Villager (Male) |
| 16:19 | Build | Farm |
| 16:39 | Build | Farm |
| 16:47 | Create | Villager (Male) |
| 17:06 | Create | Archer |
| 17:08 | Create | Villager (Male) |
| 17:39 | Create | Villager (Male) |
| 17:40 | Create | Archer |
| 18:10 | Research | Castle Age |
| 18:11 | Research | Castle Age |
| 18:23 | Build | Lumber Camp |
| 18:30 | Create | Archer |
| 18:51 | Research | Horse Collar |
| 19:16 | Research | Padded Archer Armor |
| 19:17 | Create | Archer |
| 19:20 | Research | Gold Mining |
| 19:20 | Research | Gold Mining |
| 19:33 | Create | Villager (Male) |
| 19:34 | Create | Archer |
| 19:38 | Build | House |
Build order — flightlessbird
First 150 of 420 actions detected
| 0:01 | Create | Villager (Male) |
| 0:01 | Create | Villager (Male) |
| 0:02 | Build | House |
| 0:03 | Build | House |
| 0:04 | Create | Villager (Male) |
| 0:08 | Create | Villager (Male) |
| 0:08 | Create | Villager (Male) |
| 1:33 | Create | Villager (Male) |
| 1:33 | Create | Villager (Male) |
| 1:33 | Create | Villager (Male) |
| 2:00 | Create | Villager (Male) |
| 2:00 | Create | Villager (Male) |
| 2:29 | Create | Villager (Male) |
| 2:29 | Create | Villager (Male) |
| 2:41 | Create | Villager (Male) |
| 2:41 | Create | Villager (Male) |
| 2:51 | Build | Barracks |
| 3:15 | Create | Villager (Male) |
| 3:16 | Create | Villager (Male) |
| 3:22 | Create | Villager (Male) |
| 3:26 | Build | House |
| 3:52 | Create | Militia |
| 3:58 | Create | Villager (Male) |
| 3:58 | Create | Villager (Male) |
| 4:14 | Create | Militia |
| 4:30 | Create | Villager (Male) |
| 4:31 | Build | House |
| 4:46 | Create | Militia |
| 4:48 | Create | Villager (Male) |
| 5:13 | Create | Villager (Male) |
| 5:33 | Create | Villager (Male) |
| 5:33 | Create | Villager (Male) |
| 5:33 | Create | Villager (Male) |
| 6:05 | Build | Mill |
| 6:07 | Create | Villager (Male) |
| 6:25 | Create | Villager (Male) |
| 6:27 | Build | House |
| 6:42 | Create | Villager (Male) |
| 7:11 | Create | Villager (Male) |
| 7:21 | Build | Lumber Camp |
| 7:48 | Research | Loom |
| 8:24 | Research | Feudal Age |
| 8:41 | Build | Farm |
| 8:46 | Build | Palisade Wall |
| 9:10 | Build | Mining Camp |
| 9:21 | Build | House |
| 10:06 | Build | House |
| 10:13 | Build | Palisade Wall |
| 10:24 | Create | Villager (Male) |
| 10:34 | Age | Feudal Age |
| 10:35 | Build | Palisade Wall |
| 10:42 | Build | Archery Range |
| 10:53 | Create | Villager (Male) |
| 10:55 | Build | Farm |
| 10:56 | Research | Double-Bit Axe |
| 10:56 | Research | Double-Bit Axe |
| 11:00 | Build | Palisade Wall |
| 11:13 | Build | Farm |
| 11:18 | Create | Villager (Male) |
| 11:22 | Build | Palisade Wall |
| 11:39 | Build | Farm |
| 11:47 | Create | Villager (Male) |
| 11:50 | Build | Farm |
| 11:53 | Create | Archer |
| 11:53 | Create | Archer |
| 11:53 | Create | Archer |
| 12:26 | Create | Archer |
| 12:28 | Build | Farm |
| 12:31 | Build | Farm |
| 12:32 | Create | Villager (Male) |
| 12:32 | Create | Villager (Male) |
| 12:34 | Create | Archer |
| 12:48 | Build | House |
| 12:58 | Build | Farm |
| 13:08 | Create | Villager (Male) |
| 13:09 | Create | Villager (Male) |
| 13:09 | Create | Villager (Male) |
| 13:13 | Build | Farm |
| 13:19 | Build | House |
| 13:21 | Build | House |
| 13:27 | Create | Villager (Male) |
| 13:29 | Create | Archer |
| 13:41 | Build | Farm |
| 13:47 | Create | Villager (Male) |
| 13:51 | Build | Blacksmith |
| 14:00 | Create | Archer |
| 14:10 | Build | Farm |
| 14:12 | Create | Villager (Male) |
| 14:24 | Build | Farm |
| 14:34 | Create | Villager (Male) |
| 14:49 | Build | Mill |
| 14:58 | Create | Villager (Male) |
| 15:19 | Research | Fletching |
| 15:19 | Research | Fletching |
| 15:19 | Research | Fletching |
| 15:22 | Create | Skirmisher |
| 15:28 | Build | Market |
| 15:34 | Create | Villager (Male) |
| 15:45 | Build | House |
| 15:55 | Create | Villager (Male) |
| 16:06 | Create | Archer |
| 16:15 | Build | House |
| 16:18 | Create | Villager (Male) |
| 16:22 | Build | Farm |
| 16:24 | Build | Farm |
| 16:32 | Create | Archer |
| 16:36 | Create | Villager (Male) |
| 17:18 | Create | Villager (Male) |
| 17:29 | Create | Archer |
| 17:54 | Create | Archer |
| 17:57 | Create | Villager (Male) |
| 18:04 | Research | Castle Age |
| 18:13 | Build | Archery Range |
| 18:20 | Build | Lumber Camp |
| 18:22 | Create | Skirmisher |
| 18:37 | Research | Horse Collar |
| 18:37 | Research | Horse Collar |
| 18:53 | Create | Skirmisher |
| 18:55 | Research | Padded Archer Armor |
| 18:55 | Research | Padded Archer Armor |
| 19:17 | Create | Skirmisher |
| 19:31 | Build | Archery Range |
| 19:33 | Create | Skirmisher |
| 20:15 | Create | Skirmisher |
| 20:22 | Create | Skirmisher |
| 20:29 | Build | Farm |
| 20:31 | Build | Farm |
| 20:42 | Build | Farm |
| 20:44 | Age | Castle Age |
| 20:47 | Research | Elite Skirmisher (upgrade) |
| 20:47 | Research | Elite Skirmisher (upgrade) |
| 20:48 | Research | Bodkin Arrow |
| 20:48 | Research | Bodkin Arrow |
| 21:05 | Create | Villager (Male) |
| 21:05 | Create | Villager (Male) |
| 21:06 | Create | Villager (Male) |
| 21:12 | Build | University |
| 21:27 | Research | Town Watch |
| 21:28 | Research | Town Watch |
| 21:28 | Research | Town Watch |
| 21:38 | Create | Skirmisher |
| 21:38 | Create | Skirmisher |
| 21:53 | Create | Villager (Male) |
| 22:07 | Create | Skirmisher |
| 22:07 | Create | Skirmisher |
| 22:08 | Create | Skirmisher |
| 22:19 | Research | Ballistics |
| 22:20 | Create | Villager (Male) |
| 22:34 | Build | Farm |
| 22:44 | Research | Leather Archer Armor |
Match timeline
| 2:51 | flightlessbird · first_building Barracks |
| 5:27 | jsemosoom · first_building Barracks |
| 6:44 | jsemosoom · wall_segment Palisade Wall x1 |
| 6:46 | jsemosoom · wall_segment Palisade Wall x1 |
| 6:48 | jsemosoom · wall_segment Palisade Wall x1 |
| 8:46 | flightlessbird · wall_segment Palisade Wall x4 |
| 9:00 | jsemosoom · wall_segment Palisade Wall x1 |
| 9:04 | jsemosoom · wall_segment Palisade Wall x1 |
| 9:18 | jsemosoom · age_up feudal |
| 9:29 | jsemosoom · first_building Archery Range |
| 10:13 | flightlessbird · wall_segment Palisade Wall x1 |
| 10:29 | jsemosoom · wall_segment Palisade Wall x1 |
| 10:34 | flightlessbird · age_up feudal |
| 10:35 | flightlessbird · wall_segment Palisade Wall x6 |
| 10:42 | flightlessbird · first_building Archery Range |
| 10:51 | jsemosoom · wall_segment Palisade Wall x1 |
| 10:53 | jsemosoom · wall_segment Palisade Wall x1 |
| 10:54 | jsemosoom · wall_segment Palisade Wall x1 |
| 11:00 | flightlessbird · wall_segment Palisade Wall x1 |
| 11:01 | jsemosoom · wall_segment Palisade Wall x1 |
| 11:02 | jsemosoom · wall_segment Palisade Wall x1 |
| 11:22 | flightlessbird · wall_segment Palisade Wall x10 |
| 11:50 | jsemosoom · wall_segment Palisade Wall x2 |
| 13:03 | jsemosoom · wall_segment Palisade Wall x3 |
| 13:17 | jsemosoom · wall_segment Palisade Wall x1 |
| 13:18 | jsemosoom · wall_segment Palisade Wall x1 |
| 13:20 | jsemosoom · wall_segment Palisade Wall x1 |
| 13:43 | jsemosoom · first_market_sell 100 stone |
| 13:45 | jsemosoom · first_market_buy 100 wood |
| 13:50 | jsemosoom · wall_segment Palisade Wall x5 |
| 14:05 | jsemosoom · wall_segment Palisade Wall x1 |
| 15:29 | jsemosoom · wall_segment Palisade Wall x1 |
| 20:44 | flightlessbird · age_up castle |
| 20:57 | jsemosoom · age_up castle |
| 24:00 | jsemosoom · first_building Siege Workshop |
| 24:11 | flightlessbird · first_market_buy 100 food |
| 25:26 | flightlessbird · first_building Siege Workshop |
| 27:35 | jsemosoom · first_building Stable |
| 29:13 | flightlessbird · first_building Monastery |
| 33:24 | jsemosoom · first_building Monastery |
| 34:45 | flightlessbird · first_building Stable |
| 38:26 | flightlessbird · wall_segment Palisade Wall x1 |
| 38:42 | flightlessbird · wall_segment Palisade Wall x1 |
| 40:15 | flightlessbird · wall_segment Stone Wall x4 |
| 41:31 | jsemosoom · first_building Castle |
| 41:51 | jsemosoom · age_up imperial |
| 41:52 | flightlessbird · wall_segment Palisade Wall x1 |
| 41:54 | flightlessbird · wall_segment Palisade Wall x1 |
| 42:11 | flightlessbird · first_building Castle |
| 42:55 | flightlessbird · resign |
[ AI ANALYSIS · 1 CREDIT ]
What really happened in this match?
Wolo.gg analyzes every decision: build order, eco, micro, common mistakes by bracket. Personalized analysis on WhatsApp or Discord in 30 seconds.
Civ guide
Saracens
Perfil
Jugador #2388792